 Dungeon Crawl Stone Soup version 0.27.0-1-g7a089689b8 (webtiles) character file.

Game seed: 227228878563115762

100 snetch the Bolt Thrower (level 4, -2/26 HPs)
             Began as a Tengu Arcane Marksman on Aug 6, 2021.
             Slain by a gnoll (5 damage)
             ... on level 3 of the Dungeon.
             The game lasted 00:07:11 (2218 turns).

snetch the Bolt Thrower (Tengu Arcane Marksman)     Turns: 2218, Time: 00:07:11

Health: -2/26      AC:  3    Str: 11    XL:     4   Next: 73%
Magic:  3/6        EV: 12    Int: 13    God:
Gold:   74         SH:  0    Dex: 15    Spells: 2/5 levels left

rFire    . . .     SeeInvis .   a - +0 hand crossbow
rCold    . . .     Faith    .   (no shield)
rNeg     . . .     Spirit   .   s - +0 leather armour
rPois    .         Reflect  .   (helmet restricted)
rElec    .         Harm     .   h - scarf {repulsion}
rCorr    .         Rampage  .   (no gloves)
Will     .....                  (boots unavailable)
Stlth    +.........             (no amulet)
HPRegen  0.08/turn              (no ring)
MPRegen  0.10/turn              (no ring)

@: repel missiles
A: beak, talons 3
a: no special abilities


You were on level 3 of the Dungeon.
You visited 1 branch of the dungeon, and saw 4 of its levels.

You collected 74 gold pieces.

Inventory:

Hand Weapons
 a - a +0 hand crossbow (weapon)
 b - a +1 mace of protection
Missiles
 c - a bolt (quivered ammo)
 d - 3 javelins
 e - 96 stones
 n - 9 poisoned darts
 q - 24 sling bullets
Armour
 h - a scarf of repulsion (worn)
 s - a +0 leather armour (worn)
Wands
 r - a wand of polymorph (11)
Scrolls
 g - a scroll of blinking {unknown}
 m - a scroll of teleportation {unknown}
 p - a scroll of fog {unknown}
Potions
 f - a potion of flight {unknown}
 i - 4 potions of curing {unknown}
 l - a potion of brilliance {unknown}
 o - a potion of magic {unknown}


   Skills:
 + Level 1.8 Fighting
 + Level 3.5 Crossbows
 + Level 3.0 Dodging
 + Level 0.5 Stealth
 + Level 1.0 Spellcasting
 + Level 2.6 Hexes


You had 2 spell levels left.
You knew the following spells:

 Your Spells              Type           Power      Damage    Failure   Level
a - Corona                Hex            7%         N/A       12%         1
b - Slow                  Hex            7%         N/A       19%         2

Your spell library contained the following spells:

 Spells                   Type           Power      Damage    Failure   Level
 Inner Flame              Hex/Fire       4%         N/A       54%         3
 Portal Projectile        Hex/Tloc       8%         N/A       54%         3
 Cause Fear               Hex            3%         N/A       77%         4


Dungeon Overview and Level Annotations

Branches:
Dungeon (4/15)
 Temple: D:4-7

Altars:


Innate Abilities, Weirdness & Mutations

You have a beak for a mouth.
You have claws for feet.


Message History

You kill the gnoll!
The gnoll closely misses you.
Fire: 4 bolts
Press: ? - help, Q - select action, (/) - cycle Shift-Dir - straight line, f - gnoll
Aim: a gnoll, wielding a +0 halberd (66% to hit)
You shoot a bolt. The bolt completely misses the gnoll.
The gnoll barely misses you.
Casting: Corona (safe; 12% risk of failure)
Confirm with . or Enter, or press ? or * to list all spells.
Aiming: Slow (safe; 19% risk of failure)
Press: ? - help, Shift-Dir - straight line, f/p - gnoll
Aim: a gnoll, wielding a +0 halberd (chance to affect: 50%)
The gnoll seems to slow down.
The gnoll hits you from afar with a +0 halberd.
* * * LOW HITPOINT WARNING * * *
Unknown command.
Fire: 3 bolts
Press: ? - help, Q - select action, (/) - cycle Shift-Dir - straight line, f/p - gnoll
Aim: a gnoll, wielding a +0 halberd (slow, 66% to hit)
You shoot a bolt. The bolt hits the gnoll!
The gnoll is heavily wounded.
Fire: 2 bolts
Press: ? - help, Q - select action, (/) - cycle Shift-Dir - straight line, f/p - gnoll
Aim: a gnoll, wielding a +0 halberd (heavily wounded, slow, 66% to hit)
You shoot a bolt.
The bolt hits the gnoll but does no damage.
The gnoll is heavily wounded.
The gnoll is no longer moving slowly.
Fire: bolt
Press: ? - help, Q - select action, (/) - cycle Shift-Dir - straight line, f/p - gnoll
Aim: a gnoll, wielding a +0 halberd (heavily wounded, 66% to hit)
Okay, then.
Casting: Slow (safe; 19% risk of failure)
Confirm with . or Enter, or press ? or * to list all spells.
Aiming: Slow (safe; 19% risk of failure)
Press: ? - help, Shift-Dir - straight line, f/p - gnoll
Aim: a gnoll, wielding a +0 halberd (heavily wounded, chance to affect: 50%)
The gnoll resists with some effort.
The gnoll hits you from afar with a +0 halberd.
You die...

#
..............#
####
#.###.....######
.... ##...##
...! ##.## ####
#.# #.# #.# ##
#.### ###### .#
######@..####
#..... .#
#.(.g...)...#
#.#### .#
####.######.##.#
#.# g# #.....#
#.##.# #.#### (#
#.###.#
#.##.######.#...
.#######.# #.#
#.##........#.##
(....)...###.#
#.###########.##
########.....#
#.###########.#.
#######
#.............##


You could see a gnoll.

Vanquished Creatures
  2 gnolls (D:3)
  2 adders (D:3)
  A worm (D:3)
  4 bats
  4 endoplasms
  2 giant cockroaches (D:2)
  A goblin (D:1)
  5 hobgoblins
  14 jackals
  3 quokkas
  A ball python (D:1)
  A frilled lizard (D:1)
  8 kobolds
  6 rats
54 creatures vanquished.

Notes
Turn   | Place    | Note
-------+----------+-------------------------------------------
     0 | D:1      | snetch the Tengu Arcane Marksman began the quest for the
                  | Orb.
     0 | D:1      | Reached XP level 1. HP: 12/12 MP: 3/3
   201 | D:1      | Reached XP level 2. HP: 12/16 MP: 2/4
   717 | D:2      | Reached XP level 3. HP: 19/20 MP: 5/5
   905 | D:2      | Learned a level 2 spell: Slow
  1753 | D:3      | Reached XP level 4. HP: 25/25 MP: 6/6
  2218 | D:3      | Slain by a gnoll

Illustrated notes

Levels and vault maps discovered:
D:1:      nicolae_arrival_memento_mori, layout_rooms, minmay_misc_feat_iff,
          chequers_mini_garden, nrook_mini_vaults
D:2:      cheibrodos_helix_gallery, layout_basic
D:3:      layout_loops_ring, chequers_ecumenical_altar_simple_redux,
          minmay_liquid_box, serial_bayou_pond_e
D:4:      layout_cave_pools

Skill      XL: |  1  2  3  4 |
---------------+-------------+-----
Crossbows      | 3 |  3.5
Dodging        | 3 |  3.0
Fighting       | |  1.8
Stealth        | |  0.5
Spellcasting   | |  1.0
Hexes          | |  2.6

Action                   |  1- 3 |  4- 6 || total
-------------------------+-------+-------++-------
Melee: Mace              |    36 |    21 ||    57
       Kick              |     7 |     5 ||    12
       Peck              |     2 |     3 ||     5
 Fire: Hand crossbow     |    54 |    17 ||    71
Throw: Stone             |     1 |       ||     1
 Cast: Corona            |     3 |       ||     3
       Slow              |       |     2 ||     2
Armor: Robe              |    18 |     1 ||    19
       Leather armour    |       |     4 ||     4
Dodge: Dodged            |    30 |    39 ||    69
